 Dungeon Crawl Stone Soup version 0.29-a0-1039-gfc20370e89 (webtiles) character file.

Game seed: 1201277207526595904

11799 Plasmagod the Fighter (level 12, -4/98 HPs)
             Began as a Djinni Fire Elementalist on Aug 15, 2022.
             Was a Believer of Makhleb.
             Shot with an arrow by a centaur warrior (15 damage)
             ... on level 11 of the Dungeon.
             The game lasted 00:45:58 (13095 turns).

Plasmagod the Fighter (Djinni Fire Elementalist)   Turns: 13095, Time: 00:45:58

Health: -4/98      AC:  5    Str:  7    XL:     12   Next: 12%
Gold:   704        EV: 12    Int: 31    God:    Makhleb [**....] SH:  3 Dex: 14

rFire   + + +      SeeInvis .   (no weapon)
rCold   x x .      Faith    .   f - +0 buckler
rNeg    . . .      Spirit   .   a - +0 robe
rPois   ∞          Reflect  .   x - +0 helmet {Int+3}
rElec   .          Harm     .   l - +0 cloak
rCorr   .          Rampage  .   h - +0 pair of gloves
Will    +....                   (boots unavailable)
Stlth   ++........              (no amulet)
HPRegen 0.26/turn               v - +6 ring of intelligence
MPRegen 0.00/turn               d - ring of fire

@: flying
A: sickness immunity, fire resistance 2, cold vulnerability 1, float, innate
caster, HP casting, extra vitality 1
a: Renounce Religion, Minor Destruction


You were on level 11 of the Dungeon.
You worshipped Makhleb.
Makhleb was pleased with you.
You visited 1 branch of the dungeon, and saw 11 of its levels.

You collected 853 gold pieces.
You spent 149 gold pieces at shops.

Inventory:

Missiles
 A - a throwing net
Armour
 a - a +0 robe (worn)
 f - a +0 buckler (worn)
 h - a +0 pair of gloves (worn)
 l - a +0 cloak (worn)
 x - a +0 helmet of intelligence (worn)
Jewellery
 d - a ring of fire (right hand)
 u - an amulet of faith
 v - a +6 ring of intelligence (left hand)
 y - the amulet of Elemental Vulnerability {rPois rF-- rC-- AC+8}
   (You found it on level 4 of the Dungeon)

   [amulet of nothing]

   AC:        It affects your AC (+8).
   rF:        It makes you very vulnerable to fire.
   rC:        It makes you very vulnerable to cold.
   rPois:     It protects you from poison.
 G - a ring of protection from fire
 J - a ring of fire
 L - a +4 ring of evasion
Wands
 s - a wand of flame (16)
 t - a wand of polymorph (41)
 F - a wand of paralysis (8)
 K - a wand of acid (3)
Scrolls
 c - 5 scrolls of identify
 e - 5 scrolls of teleportation
 g - a scroll of poison
 i - 3 scrolls of enchant weapon
 j - a scroll of fog
 n - a scroll of vulnerability
 B - 2 scrolls of magic mapping
 D - 3 scrolls of blinking
 H - 2 scrolls of fear
Potions
 b - a potion of ambrosia {unknown}
 k - 13 potions of curing
 m - 4 potions of lignification {unknown}
 o - 4 potions of attraction
 p - 2 potions of haste
 q - 2 potions of heal wounds
 r - 3 potions of brilliance {unknown}
 w - 4 potions of mutation
 E - a potion of might {unknown}
 I - a potion of degeneration {unknown}
Miscellaneous
 z - a condenser vane
 C - a phantom mirror


   Skills:
 + Level 13.4 Fighting
 - Level 2.4 Dodging
 - Level 1.8 Stealth
 - Level 10.1 Spellcasting


You had 4 spell levels left.
You knew the following spells:

 Your Spells              Type           Power      Damage    Failure   Level
a - Foxfire               Conj/Fire      100%       2x1d9     1%          1
b - Scorch                Fire           100%       2d10      1%          2
c - Conjure Flame         Conj/Fire      87%        6-21      1%          3
d - Inner Flame           Hex/Fire       87%        N/A       1%          3
e - Flame Wave            Conj/Fire      87%        2d19      1%          4
f - Necrotise             Necr           100%       1d9       1%          1
g - Static Discharge      Conj/Air       68%        3-12/arc  1%          2
h - Call Canine Familiar  Summ           68%        N/A       1%          3
i - Olgreb's Toxic Radia  Pois           68%        N/A       1%          4
j - Corpse Rot            Necr/Pois/Air  68%        N/A       1%          4
Your spell library was empty.

Dungeon Overview and Level Annotations

Branches:
Dungeon (11/15)            Temple (0/1) D:7            Lair (0/5) D:9
    Orc: D:9-12

Altars:
Ashenzari
Cheibriados
Gozag
Hepliaklqana
Makhleb
Ru
Uskayaw
The Shining One

Shops:
D:2 *   D:3 ?   D:4 [   D:5 *   D:11 (

Annotations:
D:6 2 transporters, anet's ghost, novice GnBr


Innate Abilities, Weirdness & Mutations

You are immune to sickness and miasma.
You are immune to poison.
Your flesh is very heat resistant. (rF++)
You are vulnerable to cold. (rC-)
You float through the air rather than walking.
You learn spells naturally, not from books.
Your magical power is your life essence.
You have superior vitality. (+4 MHP)


Message History

You begin to radiate toxic energy.
The centaur warrior is poisoned.
The centaur warrior looks even sicker.
The centaur warrior wields a +1 shortbow of freezing.
It is covered in frost.
The centaur warrior shoots an arrow.
The arrow hits you!! The arrow freezes you!
Casting: Olgreb's Toxic Radiance (mildly dangerous; 1% risk of failure)
Confirm with . or Enter, or press ? or * to list all spells.
Okay, then.
Casting: Olgreb's Toxic Radiance (mildly dangerous; 1% risk of failure)
Confirm with . or Enter, or press ? or * to list all spells.
Aiming: Inner Flame (safe; 1% risk of failure)
Press: ? - help, Dir - move target, f - centaur warrior
Aim: a centaur warrior, wielding a +1 shortbow of freezing (lightly wounded, very poisoned, chance to affect: 94%)
You feel a surge of power!
The centaur warrior is filled with an inner flame.
Flame seeps out of the centaur warrior.
The centaur warrior looks even sicker.
Flame seeps out of the centaur warrior.
The centaur warrior is engulfed in blazing flames.
Flame seeps out of the centaur warrior.
The centaur warrior shoots an arrow.
The arrow hits you!! The arrow freezes you!
* * * LOW HITPOINT WARNING * * *
Your toxic aura wanes.
Casting: Inner Flame (safe; 1% risk of failure)
Confirm with . or Enter, or press ? or * to list all spells.
* * * LOW HITPOINT WARNING * * *
Flame seeps out of the centaur warrior.
The centaur warrior is engulfed in blazing flames.
Flame seeps out of the centaur warrior.
The centaur warrior shoots an arrow.
You block the arrow. What are your orders? t - Shout!
Orders for allies: a - Attack new target. r - Retreat! s - Stop attacking. g - Guard the area. f - Follow me.
Anything else - Cancel.
Okay, then.
You feel better.
The centaur warrior shoots an arrow.
The arrow hits you!!
* * * LOW HITPOINT WARNING * * *
The arrow freezes you!
You die...

#....########.......#
# ...# #.......# #
+## ######..# # ##8.8
#..# # #..). #..# #
..c. #..# # #...
###..# # #c.⌠ #....#
# #... #@...#
..##⌠.⌠##....#
.......○ch...#
..###+#......#
#...#### #...# #...#
#...# #...#


You could see a centaur warrior (inner flame, very poisoned, ally target) and a
friendly wolf (summoned).

Vanquished Creatures
  A boulder beetle (D:8)
  A two-headed ogre (D:8)
  A centaur warrior (D:8)
  A cyclops (D:8)
  A gargoyle (D:11)
  Joseph (D:7)
  An orange demon (D:8)
  A komodo dragon (D:9)
  A hornet (D:9)
  Sigmund (D:3)
  A vampire (D:9)
  8 yaks
  A wyvern (D:9)
  3 wraiths
  4 vampire mosquitoes
  A steam dragon (D:7)
  Menkaure (D:5)
  3 water moccasins
  Duvessa (D:7)
  2 orc warriors
  2 black bears
  9 centaurs
  2 phantoms (D:6)
  2 kobold brigands
  Blork the orc (D:6)
  3 bullfrogs
  2 necrophages
  A gnoll sergeant (D:9)
  A scorpion (D:5)
  Dowan (D:7)
  A howler monkey (D:8)
  An electric eel (D:7)
  3 hounds
  3 jellies
  A gnoll bouda (D:7)
  8 orc priests
  Ijyb (D:4)
  9 orc wizards
  2 iguanas
  11 gnolls
  11 adders
  A shadow imp (D:8)
  3 white imps
  2 worms
  7 dart slugs
  37 orcs
  5 endoplasms
  5 giant cockroaches
  6 goblins
  5 hobgoblins
  8 jackals
  8 quokkas
  5 ball pythons
  8 bats
  4 frilled lizards
  21 kobolds
  A rat (D:2)
236 creatures vanquished.

Vanquished Creatures (collateral kills)
  A rakshasa (D:8)
  Amaemon (D:7)
  A gargoyle (D:10)
  A hornet (D:7)
  2 water moccasins
  A sky beast (D:7)
  An orc wizard (D:5)
  An adder (D:5)
  A white imp (D:6)
  3 orcs
  A jackal (D:5)
14 creatures vanquished.

Vanquished Creatures (others)
  451 foxfires
  27 plants
478 creatures vanquished.

Grand Total: 728 creatures vanquished

Notes
Turn   | Place    | Note
-------+----------+-------------------------------------------
     0 | D:1      | Plasmagod the Djinni Fire Elementalist began the quest for
                  | the Orb.
     0 | D:1      | Plasmagod set off with the following spells memorised:
                  | Foxfire, Scorch, Conjure Flame, Inner Flame, Flame Wave.
     0 | D:1      | Reached XP level 1. HP: 15/15 MP: 0/0
   422 | D:1      | Reached XP level 2. HP: 18/21 MP: 0/0
   839 | D:1      | Found a faded altar of an unknown god.
   886 | D:1      | Reached XP level 3. HP: 23/25 MP: 0/0
   886 | D:1      | Learned a level 1 spell: Necrotise
  1570 | D:2      | Reached XP level 4. HP: 27/31 MP: 0/0
  1980 | D:2      | Found Byvunt's General Store.
  2465 | D:3      | Noticed Sigmund
  2468 | D:3      | Killed Sigmund
  2469 | D:3      | Reached skill level 5 in Spellcasting
  2469 | D:3      | Reached XP level 5. HP: 28/35 MP: 0/0
  2469 | D:3      | Learned a level 2 spell: Static Discharge
  2469 | D:3      | Reached XP level 6. HP: 32/40 MP: 0/0
  2622 | D:3      | Found Anweorix's Magic Scroll Boutique.
  2648 | D:3      | Found a hide-covered altar of Uskayaw.
  3289 | D:3      | Found an opulent altar of Gozag.
  3423 | D:4      | Reached XP level 7. HP: 33/45 MP: 0/0
  3423 | D:4      | Learned a level 3 spell: Call Canine Familiar
  3602 | D:4      | Found Vodd's Armour Emporium.
  3603 | D:4      | Noticed Ijyb
  3610 | D:4      | Killed Ijyb
  3653 | D:4      | Bought a +0 helmet of intelligence for 149 gold pieces
  3839 | D:4      | Found the amulet of Elemental Vulnerability {rPois rF--
                  | rC-- AC+8}
  4574 | D:4      | Found a glowing golden altar of the Shining One.
  4578 | D:4      | Found a hazy altar of Hepliaklqana.
  4636 | D:5      | Entered Level 5 of the Dungeon
  4874 | D:5      | Found a sacrificial altar of Ru.
  4879 | D:5      | Noticed Menkaure
  4887 | D:5      | Killed Menkaure
  4888 | D:5      | Reached XP level 8. HP: 25/50 MP: 0/0
  5160 | D:5      | Found Otidi's Assorted Antiques.
  6653 | D:6      | Reached XP level 9. HP: 52/55 MP: 0/0
  6653 | D:6      | Learned a level 4 spell: Olgreb's Toxic Radiance
  6680 | D:6      | Noticed a queen bee
  6680 | D:6      | Noticed a hornet
  6685 | D:6      | Noticed anet's ghost (novice GnBr)
  6693 | D:6      | Found a transporter.
  6740 | D:6      | Found a burning altar of Makhleb.
  6740 | D:6      | Noticed Blork the orc
  6747 | D:6      | Killed Blork the orc
  6752 | D:6      | Became a worshipper of Makhleb the Destroyer
  7232 | D:6      | Found a transporter.
  7768 | D:7      | Noticed Duvessa
  7768 | D:7      | Noticed Dowan
  7768 | D:7      | Noticed Joseph
  7773 | D:7      | Killed Dowan
  7776 | D:7      | Killed Duvessa
  7784 | D:7      | Killed Joseph
  7832 | D:7      | Reached skill level 10 in Spellcasting
  8220 | D:7      | Found a staircase to the Ecumenical Temple.
  8221 | D:7      | Noticed a hornet
  8228 | D:7      | Reached * piety under Makhleb
  8231 | D:7      | Killed a hornet
  8232 | D:7      | Reached skill level 2 in Fighting
  8232 | D:7      | Reached XP level 10. HP: 53/65 MP: 0/0
  8263 | D:7      | Reached skill level 3 in Fighting
  8435 | D:7      | Reached skill level 4 in Fighting
  9051 | D:8      | Noticed an orange demon
  9052 | D:8      | Noticed Amaemon
  9080 | D:7      | Killed Amaemon
  9081 | D:7      | Reached skill level 6 in Fighting
  9313 | D:8      | Killed an orange demon
  9314 | D:8      | Reached skill level 7 in Fighting
  9407 | D:8      | Noticed a rakshasa
  9408 | D:8      | Noticed a cyclops
  9408 | D:8      | Noticed a centaur warrior
  9408 | D:8      | Noticed a boulder beetle
  9409 | D:8      | Noticed a two-headed ogre
  9420 | D:8      | Killed a centaur warrior
  9421 | D:8      | Reached skill level 8 in Fighting
  9421 | D:8      | Killed a cyclops
  9422 | D:8      | Killed a two-headed ogre
  9423 | D:8      | Reached skill level 9 in Fighting
  9423 | D:8      | Reached XP level 11. HP: 48/85 MP: 0/0
  9423 | D:8      | Learned a level 4 spell: Corpse Rot
  9424 | D:8      | Killed a boulder beetle
  9425 | D:8      | Reached skill level 10 in Fighting
 10080 | D:8      | Killed a rakshasa
 10081 | D:8      | Reached skill level 11 in Fighting
 10848 | D:9      | Reached ** piety under Makhleb
 10907 | D:9      | Reached skill level 12 in Fighting
 11184 | D:9      | Found a snail-covered altar of Cheibriados.
 11337 | D:9      | Found a staircase to the Lair.
 11835 | D:10     | Entered Level 10 of the Dungeon
 11835 | D:10     | Found a broken altar of Ashenzari.
 12488 | D:10     | Reached skill level 13 in Fighting
 12488 | D:10     | Reached XP level 12. HP: 90/98 MP: 0/0
 13011 | D:11     | Found Qigud's Weapon Boutique.
 13088 | D:11     | Noticed a centaur warrior
 13095 | D:11     | Shot with an arrow by a centaur warrior

Illustrated notes

Levels and vault maps discovered:
D:1:      dpeg_arrival_simpleton_c, layout_basic, ebering_ecumenical_altar_hall,
          minmay_misc_feat_pillars
D:2:      layout_basic, serial_shops, shop
D:3:      layout_loops_ring, general_overflow_altar,
          eat_drink_and_be_merry_uskayaw, serial_shops,
          nicolae_shop_hallway_stairs, uniq_sigmund
D:4:      layout_layer_cave, grunt_temple_overflow_diamond, serial_shops,
          nicolae_shop_statue_plus, minmay_a_box_with_orc_wizards_in_it,
          uniq_ijyb
D:5:      layout_loops_cross, nicolae_ru_awakened_eye, serial_shops, shop,
          uniq_menkaure
D:6:      layout_rooms, lightli_temple_of_fire, gammafunk_ghost_hive,
          st_stairs_6, uniq_blork_the_orc
D:7:      layout_basic, minmay_temple_entry_overgrown, kennysheep_diamond,
          uniq_duvessa, uniq_joseph
D:8:      minmay_the_grid_four_pointed_star
          [minmay_the_grid_triangle_9x9_intruding_spiral,
          minmay_the_grid_triangle_9x9_semitri,
          minmay_the_grid_triangle_9x9_minimal,
          minmay_the_grid_triangle_9x9_corrupted_corridor,
          minmay_the_grid_prize_big_room], layout_basic, serial_bayou_crossing,
          uniq_amaemon
D:9:      layout_basic, kennysheep_slug_shrine, david_lair_shrubbed,
          kennysheep_generic_room_15
D:10:     layout_basic, mainiacjoe_overflow_chevrons, hangedman_decor_points
D:11:     layout_irregular_city, serial_shops, nicolae_square_shop,
          small_chamber_with_monster, nicolae_elevator_lobby_plus

Skill      XL: |  1  2  3  4  5  6  7  8  9 10 11 |
---------------+----------------------------------+-----
Spellcasting   | 3 5 6 8 10 | 10.1
Fighting       | 2 9 13 | 13.4
Dodging        | |  2.4
Stealth        | |  1.8

Action                   |  1- 3 |  4- 6 |  7- 9 | 10-12 || total
-------------------------+-------+-------+-------+-------++-------
Melee: Unarmed           |       |       |     4 |     1 ||     5
 Cast: Foxfire           |    55 |    66 |   114 |    31 ||   266
       Scorch            |     1 |     9 |    66 |    81 ||   157
       Necrotise         |       |    10 |    17 |     4 ||    31
       Call Canine Famil |       |       |    12 |    12 ||    24
       Conjure Flame     |       |       |     3 |     4 ||     7
       Static Discharge  |       |       |     1 |       ||     1
       Olgreb's Toxic Ra |       |       |     3 |    27 ||    30
       Flame Wave        |       |       |       |     3 ||     3
       Corpse Rot        |       |       |       |     6 ||     6
       Inner Flame       |       |       |       |     7 ||     7
  Use: Scroll            |       |       |    14 |     3 ||    17
       Potion            |       |       |       |     2 ||     2
Armor: Robe              |     1 |     3 |     9 |    22 ||    35
Dodge: Dodged            |     5 |     6 |    23 |    54 ||    88
Block: Buckler           |       |       |       |     6 ||     6

Table legend: (Time is in decaauts)
 A = Elapsed time spent in this place.
 B = Non-inter-level travel time spent in this place.
 C = Inter-level travel time spent in this place.
 D = Time resting spent in this place.
 E = Time spent auto-exploring this place.
 F = Levels seen in this place.
 G = Mean time per level.
                   A        B        C        D        E       F      G
               +--------+--------+--------+--------+--------+-----+--------+
         Total |  13095 |  12727 |    368 |   1669 |   9327 |  11 | 1190.5 |
       Dungeon |  13095 |  12727 |    368 |   1669 |   9327 |  11 | 1190.5 |
               +--------+--------+--------+--------+--------+-----+--------+

Top non-repeatable levels by time:
     D:7: 1862 daAuts
     D:6: 1475 daAuts
     D:4: 1439 daAuts
     D:1: 1389 daAuts
     D:5: 1359 daAuts
     D:9: 1199 daAuts
     D:8: 1090 daAuts
     D:2: 1075 daAuts
     D:3: 944 daAuts
    D:10: 852 daAuts
    D:11: 406 daAuts
